General information
- name: BIG FFA
- type: Custom game
- host: BEAR_AND
- saver: BEAR_AND
map: RoundVillage
- players: 5
- length: 66:55
- speed: Fast
- version: 1.26 W3XP
- replay type:

» download(445 KB)
Players
team 1 (loser)

»
BEAR_AND (
green | 89 APM | 5984 actions | 66:55)
7 Priestess of the Moon
3 Searing Arrows
3 Trueshot Aura
1 Starfall
» actions
| Assign group hotkey | 59 | |
| Basic commands | 20 | |
| Build / train | 97 | |
| Enter build submenu | 37 | |
| Enter hero's abilities submenu | 9 | |
| Give item / drop item | 6 | |
| Remove unit from queue | 2 | |
| Right click | 4530 | |
| Select / deselect | 562 | |
| Select group hotkey | 424 | |
| Use ability | 238 | |
5984 total
» units
| Wisp | 30 | |
| Archer | 13 | |
| Druid of the Claw | 12 | |
| Dryad | 10 | |
| Chimaera | 3 | |
68 total
» upgrades
| Ultravision | 1 | |
| Strength of the Wild | 2 | |
| Druid of the Claw Training | 2 | |
| Well Spring | 1 | |
| Mark of the Claw | 1 | |
| Abolish Magic | 1 | |
| Nature's Blessing | 1 | |
9 total
» buildings
| Moon Well | 6 | |
| Ancient of War | 2 | |
| Altar of Elders | 2 | |
| Tree of Ages | 3 | |
| Hunter's Hall | 2 | |
| Tree of Eternity | 1 | |
| Ancient of Lore | 2 | |
| Ancient of Wonders | 2 | |
| Tree of Life | 3 | |
| Ancient of Wind | 1 | |
| Chimaera Roost | 1 | |
25 total
» build order
00:13 Moon Well
00:19 Ancient of War
01:19 Moon Well
03:18 Altar of Elders
03:21 Ancient of War
04:07 Moon Well
04:28 Tree of Ages
04:28 Tree of Ages
05:50 Moon Well
06:11 Hunter's Hall
08:00 Tree of Eternity
08:03 Ancient of Lore
08:04 Ancient of Lore
10:13 Moon Well
11:24 Ancient of Wonders
14:19 Tree of Life
17:58 Ancient of Wind
19:06 Chimaera Roost
19:46 Tree of Life
20:52 Hunter's Hall
28:11 Altar of Elders
28:17 Moon Well
28:53 Ancient of Wonders
30:31 Tree of Life
46:59 Tree of Ages
» items
| Staff of Preservation | 1 | |
| Scroll of Town Portal | 3 | |
| Orb of Venom | 1 | |
| Anti-magic Potion | 1 | |
| Boots of Speed | 1 | |
7 total
team 2 (loser)

»
BrosAllAroundMe (
orange | 16 APM | 1096 actions | 66:55)
2 Death Knight
1 Death Coil
1 Unholy Aura
2 Lich
1 Frost Nova
1 Frost Armor
» actions
| Assign group hotkey | 11 | |
| Basic commands | 6 | |
| Build / train | 38 | |
| Enter build submenu | 12 | |
| Enter hero's abilities submenu | 4 | |
| Remove unit from queue | 3 | |
| Right click | 518 | |
| Select / deselect | 152 | |
| Select group hotkey | 331 | |
| Use ability | 21 | |
1096 total
» units
| Acolyte | 3 | |
| Ghoul | 3 | |
| Crypt Fiend | 6 | |
12 total
» upgrades
| Creature Attack | 2 | |
| Cannibalize | 0 | |
| Web | 1 | |
3 total
» buildings
| Ziggurat | 3 | |
| Graveyard | 1 | |
| Crypt | 1 | |
| Altar of Darkness | 1 | |
| Tomb of Relics | 1 | |
| Halls of the Dead | 2 | |
| Spirit Tower | 2 | |
| Nerubian Tower | 2 | |
| Black Citadel | 3 | |
16 total
» build order
00:09 Ziggurat
00:37 Graveyard
01:05 Ziggurat
01:37 Crypt
02:09 Altar of Darkness
02:40 Tomb of Relics
03:32 Halls of the Dead
03:32 Halls of the Dead
04:50 Ziggurat
06:52 Spirit Tower
06:52 Spirit Tower
07:43 Nerubian Tower
08:33 Black Citadel
08:33 Black Citadel
08:34 Black Citadel
» items
team 3 (winner)

»
Mata. (
dark-green | 151 APM | 10110 actions | 66:54)
9 Death Knight
3 Death Coil
3 Unholy Aura
1 Animate Dead
2 Death Pact
8 Lich
3 Frost Nova
3 Dark Ritual
1 Death and Decay
1 Frost Armor
8 Dreadlord
3 Sleep
3 Carrion Swarm
1 Inferno
1 Vampiric Aura
» actions
| Assign group hotkey | 355 | |
| Basic commands | 111 | |
| Build / train | 229 | |
| ESC pressed | 21 | |
| Enter build submenu | 78 | |
| Enter hero's abilities submenu | 26 | |
| Give item / drop item | 7 | |
| Remove unit from queue | 2 | |
| Right click | 3391 | |
| Select / deselect | 2367 | |
| Select group hotkey | 3138 | |
| Use ability | 385 | |
10110 total
» units
| Acolyte | 31 | |
| Ghoul | 16 | |
| Crypt Fiend | 16 | |
| Frost Wyrm | 28 | |
| Obsidian Statue | 11 | |
| Gargoyle | 6 | |
108 total
» upgrades
| Web | 1 | |
| Burrow | 1 | |
| Creature Attack | 3 | |
| Ghoul Frenzy | 1 | |
| Cannibalize | 1 | |
| Creature Carapace | 4 | |
| Freezing Breath | 1 | |
| Destroyer Form | 1 | |
13 total
» buildings
| Ziggurat | 30 | |
| Crypt | 2 | |
| Tomb of Relics | 2 | |
| Nerubian Tower | 8 | |
| Altar of Darkness | 1 | |
| Halls of the Dead | 2 | |
| Graveyard | 1 | |
| Necropolis | 10 | |
| Black Citadel | 2 | |
| Spirit Tower | 24 | |
| Sacrificial Pit | 1 | |
| Boneyard | 3 | |
| Slaughterhouse | 2 | |
88 total
» build order
00:16 Ziggurat
00:18 Ziggurat
00:38 Crypt
00:47 Tomb of Relics
01:58 Nerubian Tower
03:19 Altar of Darkness
03:37 Halls of the Dead
04:00 Ziggurat
04:54 Graveyard
06:28 Ziggurat
06:43 Necropolis
08:30 Black Citadel
08:45 Ziggurat
08:46 Ziggurat
09:18 Ziggurat
09:35 Crypt
09:38 Spirit Tower
09:38 Spirit Tower
09:40 Nerubian Tower
09:40 Nerubian Tower
09:40 Nerubian Tower
10:24 Spirit Tower
12:59 Ziggurat
13:00 Ziggurat
14:07 Sacrificial Pit
14:10 Spirit Tower
14:11 Spirit Tower
14:13 Ziggurat
14:14 Ziggurat
15:45 Boneyard
15:46 Boneyard
15:48 Boneyard
16:58 Ziggurat
17:00 Ziggurat
17:01 Ziggurat
17:01 Ziggurat
17:03 Ziggurat
17:05 Necropolis
17:22 Ziggurat
17:23 Ziggurat
18:58 Spirit Tower
18:58 Spirit Tower
19:19 Spirit Tower
19:20 Spirit Tower
19:20 Spirit Tower
21:31 Spirit Tower
21:31 Spirit Tower
21:32 Spirit Tower
21:32 Spirit Tower
21:32 Spirit Tower
21:33 Nerubian Tower
21:33 Nerubian Tower
21:44 Tomb of Relics
23:47 Necropolis
24:39 Ziggurat
25:22 Necropolis
28:58 Slaughterhouse
30:54 Slaughterhouse
31:04 Ziggurat
31:05 Ziggurat
31:05 Ziggurat
31:06 Ziggurat
32:06 Necropolis
32:18 Spirit Tower
32:18 Spirit Tower
32:18 Spirit Tower
32:39 Necropolis
39:37 Necropolis
40:14 Necropolis
40:16 Ziggurat
40:16 Ziggurat
45:27 Ziggurat
45:27 Ziggurat
45:28 Ziggurat
45:29 Ziggurat
47:06 Spirit Tower
47:07 Spirit Tower
47:07 Spirit Tower
61:30 Necropolis
65:02 Necropolis
» items
| Rod of Necromancy | 4 | |
| Orb of Corruption | 3 | |
| Scroll of Healing | 4 | |
| Potion of Healing | 3 | |
| Scroll of Town Portal | 10 | |
24 total
team 4 (loser)

»
iggy_the_fisk (
purple | 108 APM | 7236 actions | 66:53)
10 Crypt Lord
3 Carrion Beetles
3 Spiked Carapace
1 Locust Swarm
3 Impale
8 Dreadlord
3 Sleep
3 Vampiric Aura
1 Inferno
1 Carrion Swarm
» actions
| Assign group hotkey | 693 | |
| Basic commands | 286 | |
| Build / train | 189 | |
| Enter build submenu | 70 | |
| Enter hero's abilities submenu | 18 | |
| Give item / drop item | 3 | |
| Remove unit from queue | 1 | |
| Right click | 2965 | |
| Select / deselect | 1000 | |
| Select group hotkey | 1755 | |
| Use ability | 255 | |
7236 total
» units
| Acolyte | 44 | |
| Ghoul | 7 | |
| Crypt Fiend | 9 | |
| Necromancer | 24 | |
| Meatwagon | 7 | |
| Obsidian Statue | 3 | |
| Gargoyle | 14 | |
108 total
» upgrades
| Creature Attack | 3 | |
| Creature Carapace | 3 | |
| Burrow | 1 | |
| Web | 1 | |
| Necromancer Training | 2 | |
| Skeletal Longevity | 1 | |
| Skeletal Mastery | 1 | |
| Unholy Strength | 3 | |
| Unholy Armor | 3 | |
| Ghoul Frenzy | 1 | |
| Exhume Corpses | 1 | |
| Destroyer Form | 1 | |
21 total
» buildings
| Ziggurat | 31 | |
| Crypt | 3 | |
| Graveyard | 2 | |
| Altar of Darkness | 2 | |
| Halls of the Dead | 3 | |
| Black Citadel | 1 | |
| Temple of the Damned | 2 | |
| Slaughterhouse | 2 | |
| Tomb of Relics | 3 | |
| Nerubian Tower | 7 | |
| Spirit Tower | 8 | |
| Necropolis | 5 | |
| Sacrificial Pit | 1 | |
70 total
» build order
00:09 Ziggurat
00:35 Crypt
01:26 Graveyard
02:02 Ziggurat
02:37 Altar of Darkness
03:16 Halls of the Dead
03:16 Halls of the Dead
04:21 Ziggurat
05:52 Black Citadel
07:34 Ziggurat
10:20 Temple of the Damned
10:28 Temple of the Damned
10:34 Slaughterhouse
12:03 Ziggurat
12:24 Ziggurat
14:18 Ziggurat
14:58 Tomb of Relics
22:30 Ziggurat
22:31 Ziggurat
22:33 Ziggurat
22:34 Ziggurat
23:42 Nerubian Tower
23:42 Spirit Tower
23:43 Spirit Tower
24:34 Necropolis
30:14 Necropolis
32:12 Necropolis
34:40 Nerubian Tower
34:44 Ziggurat
34:46 Ziggurat
36:04 Ziggurat
36:07 Ziggurat
40:52 Altar of Darkness
41:37 Necropolis
41:40 Ziggurat
42:50 Crypt
42:55 Crypt
42:57 Ziggurat
42:59 Ziggurat
43:21 Halls of the Dead
44:20 Nerubian Tower
44:28 Nerubian Tower
45:57 Graveyard
51:10 Tomb of Relics
51:12 Ziggurat
51:13 Ziggurat
51:14 Ziggurat
51:22 Spirit Tower
51:45 Ziggurat
51:47 Ziggurat
55:52 Tomb of Relics
56:25 Necropolis
57:36 Ziggurat
57:38 Ziggurat
57:52 Nerubian Tower
58:13 Ziggurat
58:30 Nerubian Tower
58:32 Spirit Tower
58:35 Spirit Tower
58:39 Spirit Tower
59:07 Sacrificial Pit
59:50 Slaughterhouse
61:21 Ziggurat
61:22 Ziggurat
61:26 Ziggurat
61:29 Ziggurat
62:44 Spirit Tower
62:44 Nerubian Tower
62:47 Ziggurat
62:57 Spirit Tower
» items
| Scroll of Healing | 4 | |
| Potion of Healing | 2 | |
| Orb of Corruption | 1 | |
| Scroll of Town Portal | 6 | |
| Scroll of Protection | 1 | |
14 total
team 5 (loser)

»
TIMG4STRok (
gray | 110 APM | 7386 actions | 66:55)
10 Dreadlord
3 Sleep
3 Vampiric Aura
1 Inferno
3 Carrion Swarm
9 Death Knight
3 Death Coil
3 Unholy Aura
1 Animate Dead
2 Death Pact
7 Lich
3 Frost Nova
3 Frost Armor
1 Death and Decay
» actions
| Assign group hotkey | 81 | |
| Basic commands | 187 | |
| Build / train | 202 | |
| ESC pressed | 8 | |
| Enter build submenu | 69 | |
| Enter hero's abilities submenu | 26 | |
| Give item / drop item | 16 | |
| Right click | 3208 | |
| Select / deselect | 915 | |
| Select group hotkey | 2347 | |
| Use ability | 327 | |
7386 total
» units
| Acolyte | 32 | |
| Ghoul | 21 | |
| Frost Wyrm | 19 | |
| Crypt Fiend | 14 | |
| Obsidian Statue | 5 | |
91 total
» upgrades
| Unholy Strength | 1 | |
| Unholy Armor | 1 | |
| Creature Attack | 3 | |
| Ghoul Frenzy | 1 | |
| Cannibalize | 1 | |
| Web | 1 | |
| Burrow | 1 | |
| Freezing Breath | 1 | |
| Creature Carapace | 3 | |
| Destroyer Form | 1 | |
14 total
» buildings
| Ziggurat | 33 | |
| Crypt | 2 | |
| Graveyard | 1 | |
| Tomb of Relics | 3 | |
| Nerubian Tower | 6 | |
| Halls of the Dead | 1 | |
| Necropolis | 8 | |
| Spirit Tower | 12 | |
| Altar of Darkness | 1 | |
| Black Citadel | 1 | |
| Sacrificial Pit | 1 | |
| Boneyard | 3 | |
| Slaughterhouse | 1 | |
73 total
» build order
00:10 Ziggurat
00:13 Crypt
00:55 Graveyard
01:26 Crypt
01:55 Ziggurat
02:22 Tomb of Relics
03:09 Nerubian Tower
05:07 Ziggurat
05:35 Halls of the Dead
06:36 Ziggurat
08:00 Necropolis
09:34 Ziggurat
09:35 Ziggurat
09:44 Ziggurat
10:32 Spirit Tower
11:37 Altar of Darkness
12:35 Spirit Tower
12:40 Ziggurat
12:42 Ziggurat
12:56 Ziggurat
13:20 Ziggurat
13:31 Ziggurat
13:33 Ziggurat
14:11 Black Citadel
14:19 Necropolis
14:21 Spirit Tower
14:29 Nerubian Tower
14:48 Spirit Tower
15:28 Sacrificial Pit
15:43 Ziggurat
17:28 Boneyard
17:32 Boneyard
17:41 Ziggurat
18:16 Necropolis
18:17 Ziggurat
18:17 Ziggurat
18:18 Ziggurat
19:18 Nerubian Tower
19:19 Spirit Tower
19:21 Ziggurat
20:34 Spirit Tower
25:33 Spirit Tower
26:01 Necropolis
30:37 Tomb of Relics
30:51 Ziggurat
30:51 Ziggurat
30:53 Ziggurat
30:54 Ziggurat
34:15 Spirit Tower
34:17 Nerubian Tower
34:18 Spirit Tower
36:19 Ziggurat
36:23 Necropolis
37:13 Tomb of Relics
37:15 Spirit Tower
39:43 Slaughterhouse
44:11 Boneyard
44:16 Necropolis
46:39 Necropolis
54:35 Ziggurat
54:36 Ziggurat
54:38 Ziggurat
55:35 Spirit Tower
55:35 Nerubian Tower
57:26 Necropolis
57:27 Ziggurat
57:28 Ziggurat
57:35 Ziggurat
57:38 Ziggurat
58:30 Spirit Tower
58:33 Nerubian Tower
61:00 Ziggurat
61:01 Ziggurat
» items
| Rod of Necromancy | 2 | |
| Potion of Healing | 15 | |
| Orb of Corruption | 3 | |
| Scroll of Town Portal | 10 | |
| Scroll of Healing | 12 | |
| Boots of Speed | 1 | |
| Potion of Lesser Invulnerability | 1 | |
| Potion of Mana | 1 | |
45 total
Chat log
(00:51 / All) BrosAllAroundMe: this is so fuckin hard to play on a mac keyböärd
(01:02 / All) TIMG4STRok: oops
(01:03 / All) BEAR_AND: sweboards
(01:07 / All) TIMG4STRok: i made 1 large error
(01:14 / All) Mata.: built altar?
(01:16 / All) BrosAllAroundMe: who uget
(01:19 / All) Mata.: typical noobstake
(01:20 / All) BrosAllAroundMe: i got LORD DARKSCYTHE
(01:30 / All) BEAR_AND: tek factorymann
(01:33 / All) TIMG4STRok: im bleakill
(01:38 / All) TIMG4STRok: cease
(01:39 / All) TIMG4STRok: stop
(01:41 / All) TIMG4STRok: we are brethren
(01:49 / All) BrosAllAroundMe: ok go shared units+vis
(02:00 / All) BrosAllAroundMe: if we are truly brethren
(02:06 / All) TIMG4STRok: i give u some info
(04:35 / All) BrosAllAroundMe: spoiler älert
(07:42 / All) BEAR_AND: come on come on come on come on
(07:48 / All) BEAR_AND: lose ur base to ents
(09:18 / All) BrosAllAroundMe: this fucking sucks
(09:31 / All) BEAR_AND: shane is yelling
(09:35 / All) BEAR_AND: about me making him use a tp
(09:40 / All) BrosAllAroundMe: gg
(09:44 / All) BrosAllAroundMe: tower rushed by undead
(10:07 / All) BrosAllAroundMe: come 2 my base 9 oclock
(10:15 / All) BEAR_AND: leave me 5 tps
(10:17 / All) BEAR_AND: inside my base
(10:18 / All) BEAR_AND: and i come
(17:01 / All) TIMG4STRok: where u goin
(17:07 / All) BEAR_AND: spaec
(20:32 / All) BEAR_AND: "prankh" - shane
(27:39 / All) BEAR_AND: a good breathe
(28:03 / All) TIMG4STRok: how my sweboys doing
(30:06 / All) BEAR_AND: lose ur base to tands
(35:59 / All) TIMG4STRok: d
(36:01 / All) TIMG4STRok: nice boot me cuz i win
(37:04 / All) TIMG4STRok: lol
(37:18 / All) BEAR_AND: ok now time 2 chat
(37:22 / All) BEAR_AND: how r u?
(37:24 / All) TIMG4STRok: want me to kill or no
(37:28 / All) BEAR_AND: pizza man comeng soon
(37:30 / All) TIMG4STRok: ,or no
(37:39 / All) BEAR_AND: i think myw allet, in canad
(37:40 / All) BEAR_AND: a
(37:55 / All) BEAR_AND: i want u to kill a ud
(38:53 / All) BEAR_AND: ankhors aweigh
(38:56 / All) BEAR_AND: - tyler
(39:11 / All) BEAR_AND: steams to me ur zigs are on fire. ankhs for teh memories
(39:26 / All) TIMG4STRok: oops
(39:53 / All) TIMG4STRok: who even knows how to counter that
(40:07 / All) Mata.: 1a2a34a4a5a6a7a8a
(41:41 / All) TIMG4STRok: gg
(42:12 / All) BEAR_AND: pp
(43:00 / All) Mata.: omg
(43:32 / All) TIMG4STRok: dang1
(46:15 / All) TIMG4STRok: dis lag
(49:54 / All) TIMG4STRok: you gonna die
(50:00 / All) TIMG4STRok: cant let the big men fight
(50:03 / All) TIMG4STRok: gotta be a BABY
(50:53 / All) BEAR_AND: my brand
(52:28 / All) TIMG4STRok: the swedes
(52:32 / All) TIMG4STRok: have some kind of Gay Alliance
(52:33 / All) BEAR_AND: tonite we are all swe
(53:38 / All) BEAR_AND: hehe
(55:35 / All) Mata.: time for tim&iggy meet n greet?
(55:44 / All) TIMG4STRok: he meet and greet my expos as i own you
(55:50 / All) TIMG4STRok: im in no posish to fight 10base iggy
(56:38 / All) TIMG4STRok: no
(60:51 / All) TIMG4STRok: do you guys coordinate this
(61:02 / All) Mata.: n0 -_-
(62:19 / All) TIMG4STRok: thx god
(62:25 / All) TIMG4STRok: you know how many times him potm killed my acos
(62:28 / Observers) BEAR_AND: thank urself
(62:30 / All) TIMG4STRok: lets call this an Undead Win
(62:30 / Observers) BEAR_AND: or god
(62:41 / All) Mata.: ya
(62:44 / All) Mata.: loss for everyone
(63:14 / All) TIMG4STRok: lets all meet mid
(63:24 / All) Mata.: let me
(63:25 / All) Mata.: make some army
(63:44 / All) TIMG4STRok: Fuck
(63:47 / All) TIMG4STRok: this, game
(63:52 / All) TIMG4STRok: gg
(64:46 / All) TIMG4STRok: how is this fun
(64:47 / All) TIMG4STRok: it isnt
(64:54 / All) TIMG4STRok: i do the only honorable thing
(65:02 / All) TIMG4STRok: the only thing you can do as ud and win
(65:22 / Observers) BEAR_AND: welcom
(65:28 / Observers) TIMG4STRok: what a dumb game
(65:29 / Observers) BrosAllAroundMe: hi chris ))
(65:31 / Observers) TIMG4STRok: i owned shane tho
(65:31 / Observers) BEAR_AND: haha
(65:33 / Observers) BrosAllAroundMe: fuck u for killing me
(65:36 / Observers) BrosAllAroundMe: i was raging hard irl
(65:39 / Observers) BEAR_AND: he was
(65:45 / Observers) BEAR_AND: yelling at me for making him tp once
(65:46 / Observers) TIMG4STRok: did iggy and mata ever fight
(65:49 / Observers) BrosAllAroundMe: all game
(65:51 / Observers) TIMG4STRok: or did they just take turns owning me
(65:55 / Observers) BrosAllAroundMe: whole time you were fighting tyler
(65:58 / Observers) BrosAllAroundMe: they were fighting 1 another
(66:10 / Observers) BrosAllAroundMe: that aint a lie U may peep Ze reep
(66:11 / Observers) TIMG4STRok: dog that doesnt count and you know it
(66:19 / Observers) TIMG4STRok: ffa dont start until you got 3 6+ heroes and 100 food